 Dungeon Crawl Stone Soup version 0.13-a0-3016-gcb2faac (webtiles) character file.

535 Malachi the Chopper (level 6, -3/51 HPs)
             Began as a Lava Orc Chaos Knight on Sept 12, 2013.
             Was a Plaything of Xom.
             Slain by a giant frog (7 damage)
             ... in a sewer.
             The game lasted 00:06:34 (2734 turns).

Malachi the Chopper (Lava Orc Chaos Knight)         Turns: 2734, Time: 00:06:34

HP  -3/51        AC  5     Str 17      XL: 6   Next: 41%
MP   6/6         EV 11     Int 12      God: Xom
Gold 167         SH  7     Dex 10      Spells:  0 memorised,  5 levels left

Res.Fire  : + + +   See Invis. : .   a - +0 orc hand axe (chaos) {=f}
Res.Cold  : x . .   Warding    : .   b - +2 orc leather armour
Life Prot.: . . .   Conserve   : .   f - +0 buckler
Res.Poison: .       Res.Corr.  : .   (no helmet)
Res.Elec. : .       Clarity    : .   (no cloak)
Sust.Abil.: . .     Spirit.Shd : .   (no gloves)
Res.Mut.  : .       Stasis     : .   (no boots)
Res.Rott. : .       Flight     : .   (no amulet)
Saprovore : + . .                    (no ring)
                                     (no ring)

@: quick, slightly resistant to hostile enchantments, very unstealthy
A: conserve scrolls, saprovore 1
a: Renounce Religion


You were in a sewer.
You worshipped Xom.
You were a toy of Xom.
You were hungry.

You visited 1 branch of the dungeon, and saw 3 of its levels.
You also visited: Sewer.

You collected 147 gold pieces.

Inventory:

Hand weapons
 a - a +0,+0 orcish hand axe of chaos (weapon) {=f}
Armour
 b - a +2 orcish leather armour (worn)
 f - a +0 buckler (worn)
Comestibles
 c - 3 meat rations
 d - a cheese
 t - 2 pears
 v - a rotting chunk of ball python flesh
Scrolls
 h - a scroll of fog {unknown}
 i - a scroll of recharging {unknown}
 j - 4 scrolls of remove curse {unknown}
 k - a scroll of enchant weapon I {unknown}
 m - a scroll of enchant armour {unknown}
 n - 2 scrolls of random uselessness {unknown}
 p - 4 scrolls of teleportation {unknown}
 q - a scroll of curse armour {unknown}
 s - a scroll of curse weapon {unknown}
 u - a scroll of identify
 x - a scroll of magic mapping {unknown}
Potions
 e - 2 potions of might {unknown}
 g - 2 potions of invisibility
 l - 2 potions of magic {unknown}
 o - 2 potions of poison
 r - 2 potions of brilliance {unknown}


   Skills:
 + Level 5.0 Fighting
 + Level 5.3 Axes
 + Level 2.9 Armour
 + Level 3.3 Dodging
 + Level 0.3 Stealth
 + Level 1.8 Shields


You had 5 spell levels left.
You didn't know any spells.

Dungeon Overview and Level Annotations

Branches:
Dungeon (3/27)

Altars:
Nemelex Xobeh
Okawaru


Innate Abilities, Weirdness & Mutations

You have stony skin.
You cover ground quickly.
Your flesh is almost immune to the effects of heat.
Your fire spells are more powerful.
Your flesh is vulnerable to cold.
Your heat harms attackers.
You bathe your surroundings in blazing heat.
You are too hot to use scrolls.
You are very good at protecting items from fire.
You can tolerate rotten meat.


Message History

The giant frog is singed by your heat.
The giant frog is almost dead.
You hit the giant frog but do no damage.
The giant frog is moving more slowly.
The giant frog is almost dead.
You hit the giant frog. You drain the giant frog!
The giant frog is almost dead.
You hit the ooze but do no damage.
The ooze is almost dead.
The intensity of your heat diminishes. The giant frog hits you.
* * * LOW HITPOINT WARNING * * *
The giant frog is singed by your heat.
You kill the giant frog!
The giant frog hits you!
* * * LOW HITPOINT WARNING * * *
The giant frog is singed by your heat.
The giant frog is almost dead.
The ooze splashes around in the water.
The giant frog hits you!
You die...

########################
##....≈≈≈§§§≈≈≈≈≈≈≈≈≈≈..#
#.....≈≈@F§§≈≈≈≈≈≈≈≈≈≈...
#.....≈≈J≈%≈≈≈≈≈≈≈≈≈≈≈...
.....≈≈%≈≈%≈≈≈≈≈≈≈≈≈≈≈..
.....≈≈≈≈≈≈≈≈≈≈≈≈≈≈≈≈...
#....≈≈≈≈≈≈≈≈≈≈≈≈≈≈≈≈...
+#####################.
#### #..' #..#


You could see a giant frog (petrifying) and an ooze.

Vanquished Creatures
  A giant frog (Sewer)
  11 adders
  3 green rats
  15 grey rats (Sewer)
  3 oozes
  5 orcs (D:3)
  3 giant cockroaches
  16 goblins
  A hobgoblin (shapeshifter) (D:3)
  8 hobgoblins
  12 jackals
  A quokka (D:2)
  17 ball pythons
  8 bats
  2 giant geckos
  6 giant newts
  3 kobolds (D:3)
  28 rats
143 creatures vanquished.

Notes
Turn   | Place    | Note
--------------------------------------------------------------
     0 | D:1      | Malachi, the Lava Orc Chaos Knight, began the quest for the Orb.
     0 | D:1      | Reached XP level 1. HP: 17/17 MP: 1/1
    32 | D:1      | Reached XP level 2. HP: 19/24 MP: 2/2
   103 | D:1      | Reached skill level 4 in Axes
   226 | D:1      | XOM: harmless Conj miscast
   289 | D:1      | XOM: silly message
   312 | D:1      | XOM is BORED!
   312 | D:1      | XOM: harmless Fire miscast
   326 | D:1      | XOM: harmless Divn miscast
   644 | D:1      | XOM: harmless Summ miscast
   660 | D:2      | XOM: potion effect (invisibility)
   665 | D:2      | Reached skill level 1 in Dodging
   665 | D:2      | Reached XP level 3. HP: 30/30 MP: 3/3
   751 | D:2      | XOM: mild Hex miscast
   762 | D:2      | Reached XP level 4. HP: 12/38 MP: 4/4
   786 | D:2      | Found an iron altar of Okawaru.
  1195 | D:2      | XOM: harmless Necr miscast
  1242 | D:3      | XOM: divination: detect creatures
  1373 | D:3      | Found a sparkling altar of Nemelex Xobeh.
  1560 | D:3      | Reached skill level 5 in Axes
  1712 | D:3      | Reached XP level 5. HP: 36/45 MP: 5/5
  1982 | D:3      | Reached skill level 5 in Fighting
  1991 | D:3      | Found a glowing drain.
  2032 | Sewer    | Entered a sewer
  2119 | Sewer    | XOM: divination: magic mapping
  2129 | Sewer    | Reached skill level 1 in Shields
  2179 | Sewer    | Paralysed by a potion of paralysis for 6 turns
  2414 | Sewer    | XOM: silly message
  2415 | Sewer    | Reached XP level 6. HP: 38/51 MP: 6/6
  2729 | Sewer    | XOM: harmless Erth miscast
  2734 | Sewer    | Slain by a giant frog

Action                   |  1- 3 |  4- 6 || total
-------------------------+-------+-------++-------
Melee: Hand axe          |    92 |   302 ||   394
       Unarmed           |       |     9 ||     9
  Use: Scroll            |       |     2 ||     2
       Potion            |       |     5 ||     5
 Stab: Invisible         |     2 |       ||     2
       Petrifying        |     1 |       ||     1
       Sleeping          |     1 |       ||     1
       Paralysed         |       |     2 ||     2
